 Dungeon Crawl Stone Soup version 0.31-a0-981-geadf994542 (webtiles) character file.

Game seed: 1335024716082595538

1811 Fodor the Cleaver (level 8, -20/70 HPs)
             Began as a Minotaur Fighter on Oct 31, 2023.
             Was an Initiate of Gozag.
             Demolished by an ogre
             ... wielding a +0 giant club
              (26 damage)
             ... on level 7 of the Dungeon.
             The game lasted 00:26:40 (5792 turns).

Fodor the Cleaver (Minotaur Fighter)                Turns: 5792, Time: 00:26:40

Health: -20/70     AC: 12    Str: 23    XL:     8   Next: 84%
Magic:  7/7        EV:  9    Int:  5    God:    Gozag
Gold:   328        SH:  0    Dex: 10    Spells: 7/7 levels left

rFire   + . .        j - +0 battleaxe
rCold   x . .        (shield currently unavailable)
rNeg    . . .        b - +0 chain mail
rPois   .            (helmet restricted)
rElec   .            (no cloak)
rCorr   .            (no gloves)
SInv    .            h - +0 pair of boots
Will    +....        (no amulet) Stlth
                     i - ring of fire
HPRegen 0.31/turn    A - ring of willpower
MPRegen 0.10/turn

%: no passive effects
@: no status effects
A: horns 2, retaliatory headbutt
a: Renounce Religion, Potion Petition, Call Merchant, Bribe Branch


You were on level 7 of the Dungeon.
You worshipped Gozag.
Gozag was aware of your devotion.
You visited 2 branches of the dungeon, and saw 8 of its levels.

You collected 420 gold pieces.
You paid 92 gold pieces to Gozag.

Inventory:

Hand Weapons
 j - a +0 battleaxe (weapon)
 p - a +0 orcbow
Missiles
 f - 9 poisoned darts
 q - 4 javelins (quivered)
 x - 3 atropa-tipped darts
Armour
 b - a +0 chain mail (worn)
 h - a +0 pair of boots (worn)
Jewellery
 i - a ring of fire (left hand)
 y - a ring of protection from cold
 A - a ring of willpower (right hand)
Talismans
 o - a flux talisman
 v - a serpent talisman
Scrolls
 c - a scroll of amnesia {unknown}
 e - 2 scrolls of teleportation
 g - a scroll of revelation {unknown}
 l - a scroll of immolation
 n - 2 scrolls of poison
 s - 2 scrolls of blinking {unknown}
 z - a scroll of vulnerability
Potions
 a - 3 potions of curing {unknown}
 d - 3 potions of might
 k - 2 potions of brilliance {unknown}
 m - a potion of mutation {unknown}
 r - a potion of cancellation {unknown}
 t - a potion of lignification {unknown}
 u - a potion of berserk rage {unknown}
 w - a potion of heal wounds {unknown}
 B - a potion of invisibility {unknown}


   Skills:
 + Level 6.1 Fighting
 + Level 10.2 Axes
 + Level 0.6 Throwing
 + Level 7.8 Armour
 + Level 2.4 Dodging
 + Level 0.4 Stealth
 + Level 4.0 Shields


You had 7 spell levels left.
You didn't know any spells.
Your spell library contained the following spells:

 Spells                   Type           Power      Damage    Failure   Level
 Gell's Gravitas          Tloc           0%         N/A       100%        3
 Teleport Other           Tloc           0%         N/A       100%        3
 Dispersal                Tloc           0%         N/A       100%        6


Dungeon Overview and Level Annotations

Branches:
Dungeon (7/15)             Temple (1/1) D:6

Altars:
Cheibriados
Dithmenos
Elyvilon
Fedhas
Gozag
Hepliaklqana
Makhleb
Nemelex Xobeh
Okawaru
Qazlal
Sif Muna
Trog
Uskayaw
Vehumet
Wu Jian
Xom
Yredelemnul
Zin
The Shining One

Shops:
D:2 (!*   D:4 =


Innate Abilities, Weirdness & Mutations

You have a pair of horns on your head.
You reflexively headbutt those who attack you in melee.


Message History

You closely miss the orc wizard.
The orc wizard hits you but does no damage.
The orc wizard gestures at you while chanting.
The magic dart hits you but does no damage.
You barely miss the orc wizard. You closely miss the orc wizard.
You slash the ogre! The ogre hits you with a +0 giant club!
The orc wizard hits you with a +0 dagger.
* * * LOW HITPOINT WARNING * * *
The orc wizard hits you with a +0 dagger.
* * * LOW HITPOINT WARNING * * *
The orc wizard hits you but does no damage. x2
You hit the ogre but do no damage.
The ogre is severely wounded.
You hit the orc wizard. You barely miss the orc wizard.
The ogre hits you with a +0 giant club.
* * * LOW HITPOINT WARNING * * *
The orc wizard hits you but does no damage.
The orc wizard hits you with a +0 dagger.
* * * LOW HITPOINT WARNING * * *
You hit the ogre.
The ogre is severely wounded.
You barely miss the orc wizard.
You hit the orc wizard but do no damage.
The ogre closely misses you.
The orc wizard points at you and mumbles some strange words.
The magic dart hits you!
* * * LOW HITPOINT WARNING * * *
The orc wizard hits you but does no damage.
The orc wizard barely misses you.
The orc wizard hits you but does no damage.
The ogre barely misses you.
You climb upwards.
There is a stone staircase leading down here.
The orc wizard closely misses you.
The orc wizard hits you but does no damage.
You climb downwards.
There is a stone staircase leading up, spattered with blood here.
The ogre hits you with a +0 giant club!!
You die...
Your body crumbles into a pile of gold.

## ## . .>..
.. ..#
#.####.#
....#.##
#.....###
#.#.$$# #
#@O##$###.##.
#oo.$$$......
#...$...$.##.
#....###.....
#....# #.##.
#...##.. .#
#>..##..# .
#..#.###.. .
#.##. ###


You could see an ogre and 2 orc wizards.

Vanquished Creatures
  Sigmund (D:6)
  A water moccasin (D:5)
  An orc warrior (D:7)
  An ice beast (D:6)
  A black bear (D:3)
  An ogre (D:5)
  A centaur (D:4)
  A bullfrog (D:4)
  2 scorpions
  4 killer bees (D:7)
  5 hounds
  A jelly (D:5)
  5 orc priests
  An iron imp (D:5)
  A sleepcap (D:4)
  3 iguanas
  4 orc wizards
  6 adders
  A shadow imp (D:7)
  2 white imps
  4 worms
  26 orcs
  4 endoplasms
  A giant cockroach (D:1)
  8 goblins
  7 hobgoblins
  7 jackals
  A quokka (D:4)
  6 ball pythons
  7 bats
  4 frilled lizards
  12 kobolds
  10 rats
140 creatures vanquished.

Notes
Turn   | Place    | Note
-------+----------+-------------------------------------------
     0 | D:1      | Fodor the Minotaur Fighter began the quest for the Orb.
     0 | D:1      | Reached XP level 1. HP: 19/19 MP: 0/0
   184 | D:1      | Reached XP level 2. HP: 24/27 MP: 1/1
   402 | D:1      | Reached skill level 3 in Axes
   455 | D:1      | Reached XP level 3. HP: 28/33 MP: 2/2
   841 | D:2      | Found Ollynn's Weapon Emporium.
  1309 | D:2      | Found Veax's Distillery.
  1389 | D:2      | Found Wameluit's Assorted Antiques.
  1576 | D:3      | Reached XP level 4. HP: 11/34 MP: 3/3
  1633 | D:3      | Reached skill level 4 in Axes
  1794 | D:3      | Found a hide-covered altar of Uskayaw.
  1862 | D:3      | Noticed a black bear
  1876 | D:3      | Killed a black bear
  1877 | D:3      | Reached skill level 5 in Armour
  1877 | D:3      | Reached XP level 5. HP: 14/47 MP: 4/4
  2126 | D:3      | Found a hazy altar of Hepliaklqana.
  2249 | D:3      | Reached skill level 5 in Axes
  2547 | D:4      | Reached XP level 6. HP: 42/53 MP: 5/5
  2610 | D:4      | Reached skill level 1 in Dodging
  2658 | D:4      | Found Kamisch's One-of-a-Kind Rings.
  2769 | D:4      | Reached skill level 6 in Axes
  2868 | D:4      | Reached XP level 7. HP: 32/60 MP: 6/6
  3092 | D:4      | Reached skill level 5 in Fighting
  3252 | D:5      | Entered Level 5 of the Dungeon
  3264 | D:5      | Reached skill level 7 in Axes
  3873 | D:5      | Reached skill level 8 in Axes
  4123 | D:5      | Reached XP level 8. HP: 67/69 MP: 7/7
  4203 | D:5      | Found a snail-covered altar of Cheibriados.
  4552 | D:6      | Found a staircase to the Ecumenical Temple.
  4558 | Temple   | Entered the Ecumenical Temple
  4568 | Temple   | Became a worshipper of Gozag Ym Sagoz the Greedy
  4614 | D:6      | Found a shimmering blue altar of Sif Muna.
  4807 | D:6      | Noticed Sigmund
  4813 | D:6      | Killed Sigmund
  4900 | D:6      | Reached skill level 9 in Axes
  5634 | D:7      | Reached skill level 10 in Axes
  5792 | D:7      | Demolished by an ogre

Illustrated notes

Levels and vault maps discovered:
D:1:      sevenhm_arrival_forest_fort_small_3, layout_loops_cross
D:2:      layout_loops_ring, serial_shops, shop, nicolae_shop_dealshenge,
          shop_coins, nicolae_underground_beach
D:3:      layout_basic, worldfamousw_hep_ancestral_shrine,
          eat_drink_and_be_merry_uskayaw, st_stairs_13
D:4:      layout_layer_cave, nicolae_shop_unique_rings
D:5:      layout_basic, slow_altar_2
D:6:      layout_basic, mainiacjoe_overflow_paths, minmay_temple_entry_hall,
          uniq_sigmund
D:7:      layout_rooms, nicolae_ru_great_annihilating_truth
Temple:   nicolae_temple_no_exploring_needed

Skill      XL: |  1  2  3  4  5  6  7  8 |
---------------+-------------------------+-----
Armour         | 4 5 6 7 |  7.8
Fighting       | 4 5 6 |  6.1
Axes           | 3 4 5 6 8 10 | 10.2
Shields        | 4 |  4.0
Dodging        | 1 2 |  2.4
Throwing       | |  0.6
Stealth        | |  0.4

Action                     |  1- 3 |  4- 6 |  7- 9 || total
---------------------------+-------+-------+-------++-------
  Melee: War axe           |    69 |       |       ||    69
         Headbutt          |    11 |     8 |    21 ||    40
         Battleaxe         |    21 |    76 |   163 ||   260
  Throw: Dart              |       |     3 |       ||     3
         Javelin           |       |       |     3 ||     3
    Use: Scroll            |       |     3 |     1 ||     4
         Potion            |       |       |     1 ||     1
 Armour: Scale mail        |    85 |    27 |       ||   112
         Chain mail        |       |    73 |   178 ||   251
  Dodge: Dodged            |    51 |    54 |    65 ||   170
  Block: Buckler           |    13 |       |       ||    13

Table legend: (Time is in decaauts)
 A = Elapsed time spent in this place.
 B = Non-inter-level travel time spent in this place.
 C = Inter-level travel time spent in this place.
 D = Time resting spent in this place.
 E = Time spent auto-exploring this place.
 F = Levels seen in this place.
 G = Mean time per level.
                   A        B        C        D        E       F      G
               +--------+--------+--------+--------+--------+-----+--------+
         Total |   5910 |   5765 |    145 |   1005 |      0 |   8 |  738.8 |
       Dungeon |   5893 |   5748 |    145 |   1005 |      0 |   7 |  841.9 |
        Temple |     17 |     17 |      0 |      0 |      0 |   1 |   17.0 |
               +--------+--------+--------+--------+--------+-----+--------+

Top non-repeatable levels by time:
     D:6: 1467 daAuts
     D:5: 1041 daAuts
     D:3: 1003 daAuts
     D:2: 815 daAuts
     D:4: 806 daAuts
     D:1: 701 daAuts
     D:7: 57 daAuts
  Temple: 17 daAuts
